 Dungeon Crawl Stone Soup version 0.26.1-2-gb8aa6d0cf2 (webtiles) character file.

Game seed: 10198514153333912266

454 MalarOregon the Caller (level 7, 0/43 HPs)
             Began as a Halfling Summoner on Mar 29, 2021.
             Slain by a river rat (2 damage)
             ... in a sewer.
             The game lasted 00:15:58 (4350 turns).

MalarOregon the Caller (Halfling Summoner)          Turns: 4350, Time: 00:15:59

Health: 0/43       AC:  7    Str: 11    XL:     7   Next: 26%
Magic:  0/10       EV: 12    Int: 13    God:
Gold:   544        SH:  0    Dex: 15    Spells: 7/10 levels left

rFire    . . .     SeeInvis .   p - +2 spear
rCold    . . .     Faith    .   (shield restricted)
rNeg     . . .     Spirit   +   l - +0 scale mail
rPois    .         Reflect  .   (no helmet)
rElec    .         Harm     .   (no cloak)
rCorr    .         Rampage  .   (no gloves)
Will     .....                  (no boots)
Stlth    +.........             m - amulet of guardian spirit
HPRegen  0.14/turn              (no ring)
MPRegen  0.12/turn              (no ring)

@: mighty, lethally poisoned (0 -> -4)
A: small, mutation resistance 1
a: no special abilities


You were in a sewer.
You visited 1 branch of the dungeon, and saw 4 of its levels.
You also visited: Sewer.

You collected 544 gold pieces.

Inventory:

Hand Weapons
 b - a +0 hunting sling
   (You found it on level 1 of the Dungeon)
 p - a +2 spear (weapon)
   (You took it off a gnoll on level 3 of the Dungeon)
Missiles
 d - 58 stones
 k - 6 silver boomerangs
 o - 11 sling bullets
Armour
 l - a +0 scale mail (worn)
   (You found it on level 2 of the Dungeon)
Jewellery
 m - an amulet of guardian spirit (around neck)
   (You found it on level 3 of the Dungeon)
Scrolls
 f - 3 scrolls of teleportation {@r4}
 g - 4 scrolls of identify {@r1}
 j - 2 scrolls of remove curse {@r2}


   Skills:
 - Level 1.4 Fighting
 - Level 0.8 Short Blades
 + Level 2.4(2.6) Polearms
 - Level 1.0(1.8) Staves
 - Level 2.0 Slings
 + Level 3.7 Armour
 - Level 3.0 Dodging
 - Level 2.1 Stealth
 - Level 2.1 Spellcasting
 - Level 4.1 Summonings


You had 7 spell levels left.
You knew the following spells:

 Your Spells              Type           Power        Failure   Level
a - Summon Small Mammal   Summ           48%          24%         1
x - Call Imp              Summ           12%          36%         2

Your spell library contained the following spells:

 Spells                   Type           Power        Failure   Level
 Call Canine Familiar     Summ           12%          58%         3
 Summon Guardian Golem    Hex/Summ       6%           86%         3
 Summon Ice Beast         Ice/Summ       6%           99%         4
 Summon Lightning Spire   Summ/Air       6%           99%         4


Dungeon Overview and Level Annotations

Branches:
Dungeon (4/15)              Sewer (1/1)
 Temple: D:4-7

Altars:
Fedhas
Vehumet
Wu Jian


Innate Abilities, Weirdness & Mutations

You are small and have problems with some larger weapons.
You are somewhat resistant to further mutation.


Message History

Your rat barely misses the adder.
Your bat barely misses the adder.
The river rat barely misses your rat. The adder barely misses your rat.
Your rat bites the river rat.
Your magical contamination has completely faded away.
You feel sick.
Your bat barely misses the river rat.
The adder misses your bat. The river rat bites your bat.
Your bat dies!
Your bat's corpse disappears in a puff of smoke!
Your rat barely misses the adder.
The adder bites your rat.
Your rat dies!
Your rat's corpse disappears in a puff of smoke!
Your rat bites the adder.
You feel sick. The adder barely misses your rat.
Your rat barely misses the adder.
The adder bites your rat.
You feel sick. The adder completely misses your rat.
Your rat bites the adder.
The river rat closely misses you.
Your rat closely misses the adder.
Your quokka bites the river rat.
You hit the river rat but do no damage.
You feel sick.
Your quokka closely misses the river rat.
The river rat bites you.
* * * LOW HITPOINT WARNING * * *
Reach: p) +2 spear
Aim: an adder (heavily wounded)
You closely miss the adder.
You feel sick. The adder bites you but does no damage.
Your quokka barely misses the river rat.
The river rat bites you.
* * * LOW HITPOINT WARNING * * *
The adder bites you but does no damage.
You hit the adder.
Your quokka barely misses the river rat.
The adder closely misses you. The river rat bites you!
* * * LOW HITPOINT WARNING * * *
Okay, then.
You feel very mighty all of a sudden.
* * * LOW HITPOINT WARNING * * *
You feel sick.
Your quokka bites the river rat.
The adder bites you but does no damage.
Your rat barely misses the adder.
The river rat closely misses you.
Your quokka barely misses the river rat.
You hit the adder.
You kill the adder!
Your rat bites the river rat but does no damage.
The river rat bites you but does no damage.
Your quokka splashes around in the water.
You barely miss the river rat.
* * * LOW HITPOINT WARNING * * *
You feel sick.
Your quokka bites the river rat.
Your rat barely misses the river rat.
The river rat bites you.
You die...

##########################.#
≈≈≈≈.≈..≈≈≈≈≈≈≈≈≈†r≈≈≈.≈.≈.≈
...≈..≈..≈≈≈≈≈.≈@rr≈..≈≈...≈
############################


You could see a river rat, a friendly quokka (summoned) and a friendly rat
(summoned).

Vanquished Creatures
  A scorpion (D:4)
  An orc priest (D:3)
  A bullfrog skeleton (D:4)
  A worker ant (D:4)
  An iguana (D:4)
  4 gnolls (D:3)
  4 adders
  2 oozes
  3 worms
  3 dart slugs
  5 leopard geckos
  7 orcs
  6 ball pythons
  3 giant cockroaches
  18 goblins
  7 hobgoblins
  2 jackals (D:2)
  3 quokkas
  7 bats
  7 frilled lizards
  9 kobolds
  7 rats
102 creatures vanquished.

Vanquished Creatures (collateral kills)
  A centaur (D:4)
  A howler monkey (D:4)
  An adder (Sewer)
  A river rat (D:4)
  2 worms
  A leopard gecko (D:1)
  A bat (D:1)
  A giant cockroach (D:4)
  A goblin (D:1)
  A hobgoblin (D:1)
  A jackal (D:4)
  A kobold (D:1)
  2 frilled lizards
15 creatures vanquished.

Grand Total: 117 creatures vanquished

Notes
Turn   | Place    | Note
-------+----------+-------------------------------------------
     0 | D:1      | MalarOregon the Halfling Summoner began the quest for the
                  | Orb.
     0 | D:1      | Reached XP level 1. HP: 11/11 MP: 3/3
    60 | D:1      | Reached XP level 2. HP: 14/18 MP: 0/4
   433 | D:1      | Reached XP level 3. HP: 20/22 MP: 5/5
   627 | D:1      | Reached skill level 1 in Armour
   987 | D:2      | Found an ornate altar of the Wu Jian Council.
  1146 | D:2      | Reached XP level 4. HP: 11/27 MP: 1/6
  1467 | D:2      | Learned a level 2 spell: Call Imp
  1676 | D:2      | Reached skill level 1 in Fighting
  1945 | D:2      | Found a blossoming altar of Fedhas.
  2400 | D:2      | Reached skill level 1 in Slings
  2807 | D:3      | Reached XP level 5. HP: 33/33 MP: 5/8
  2885 | D:3      | Found a radiant altar of Vehumet.
  3004 | D:3      | Reached skill level 4 in Summonings
  3491 | D:3      | Reached XP level 6. HP: 38/38 MP: 9/9
  3495 | D:3      | Reached skill level 1 in Staves
  3767 | D:4      | Reached skill level 1 in Polearms
  3940 | D:4      | Reached XP level 7. HP: 11/43 MP: 4/10
  4150 | D:4      | Found a glowing drain.
  4161 | Sewer    | Entered a sewer
  4348 | Sewer    | HP: 2/43 [poisoned by an adder]
  4350 | Sewer    | Slain by a river rat

Illustrated notes

Levels and vault maps discovered:
D:1:      dpeg_arrival_pits, layout_basic, minmay_tetromino_s2
D:2:      layout_loops_corners, overflow_temple_1_default,
          chequers_serial_rivers_large_a, fedhas_altar_fruit_tree
D:3:      cheibrodos_greedy_goblins, layout_rooms,
          nicolae_overflow_crystal_walls
D:4:      minmay_polygon_palace, layout_rooms, portal_sewer_entry_a
Sewer:    sewer_co_cracked_pipes

Skill      XL: |  1  2  3  4  5  6 |
---------------+-------------------+-----
Armour         | 1 3 |  3.7
Fighting       | 1 |  1.4
Slings         | 1 2 |  2.0
Spellcasting   | 2 |  2.1
Summonings     | 4 |  4.1
Dodging        | 3 |  3.0
Staves         | 1 |  1.0
Polearms       | 2 |  2.4
Short Blades   | |  0.8
Stealth        | |  2.1

Action                   |  1- 3 |  4- 6 |  7- 9 || total
-------------------------+-------+-------+-------++-------
Melee: Unarmed           |    10 |       |       ||    10
       Dagger            |       |    67 |       ||    67
       Quarterstaff      |       |    55 |       ||    55
       Spear             |       |    44 |    53 ||    97
 Fire: Hunting sling     |    94 |    66 |       ||   160
 Cast: Summon Small Mamm |    16 |    11 |    17 ||    44
  Use: Potion            |       |     1 |     3 ||     4
       Scroll            |       |     8 |       ||     8
Armor: Robe              |     3 |       |       ||     3
       Ring mail         |    11 |     8 |       ||    19
       Scale mail        |       |    60 |    24 ||    84
Dodge: Dodged            |    49 |   146 |    29 ||   224
